 Dungeon Crawl Stone Soup version 0.17.1-3-g152610e (webtiles) character file.

70 namelastname112 the Ducker (level 4, -19/23 HPs)
             Began as a Spriggan Berserker on Apr 16, 2016.
             Killed by the fiery rage of Trog (40 damage)
             ... on level 2 of the Dungeon.
             The game lasted 00:02:35 (1977 turns).

namelastname112 the Ducker (Spriggan Berserker)     Turns: 1977, Time: 00:02:35

Health: -19/23     AC:  2    Str: 11 (13) XL:     4   Next: 4%
Magic:  5/5        EV: 20    Int:  8      God:
Gold:   151        SH:  0    Dex: 16      Spells: 0 memorised, 3 levels left

rFire  . . .     SeeInvis +     a - +0 short sword
rCold  . . .     Clarity  .     b - +0 animal skin
rNeg   . . .     SustAt   .     (shield restricted)
rPois  .         Gourm    .     (helmet restricted)
rElec  .         Spirit   .     (no cloak)
rCorr  .         Warding  .     (gloves unavailable)
rMut   .         Stasis   .     (boots unavailable)
MR     .....                    (no amulet)
Stlth  +++.......               (no ring)
                                (no ring)

@: very quick, not resistant to hostile enchantments, fairly stealthy
A: unfitting armour, see invisible, herbivore 3, speed 3, slow metabolism 2
a: no special abilities


You were on level 2 of the Dungeon.
You were not hungry.

You visited 1 branch of the dungeon, and saw 3 of its levels.

You collected 151 gold pieces.

Inventory:

Hand Weapons
 a - a +0 short sword (weapon)
Armour
 b - a +0 animal skin (worn)
Jewellery
 j - an uncursed ring of fire
Wands
 o - a wand of teleportation (5)
 p - a wand of confusion (19)
Scrolls
 d - a scroll of identify {unknown}
 e - 2 scrolls of fog {unknown}
 h - a scroll of remove curse {unknown}
 i - a scroll of amnesia {unknown}
 k - 2 scrolls of fear {unknown}
 l - 2 scrolls of recharging {unknown}
Potions
 f - a potion of curing {unknown}
 g - a potion of flight {unknown}
 n - a potion of heal wounds {unknown}
Comestibles
 c - 3 bread rations
 m - 4 fruits


   Skills:
 + Level 2.7 Fighting
 * Level 4.0 Short Blades
 + Level 5.1 Dodging
 + Level 3.1 Stealth


You had 3 spell levels left.
You didn't know any spells.

Dungeon Overview and Level Annotations

Branches:
Dungeon (3/15)

Altars:
Okawaru


Innate Abilities, Weirdness & Mutations

You are tiny and cannot use many weapons and most armour.
You have supernaturally acute eyesight.
You are a herbivore.
You cover ground extremely quickly.
You need consume almost no food.


Message History

You kill the worm!
You have reached level 4!
The adder bites you.
You take 2 damage, and have 7/23 hp.
MP restored: 5 You hit the adder but do no damage.
The adder misses you.
You hit the adder but do no damage. The adder bites you.
* * * LOW HITPOINT WARNING * * *
You take 5 damage, and have 2/23 hp.
MASSIVE DAMAGE!!
You are too injured to fight recklessly!
You are too injured to fight recklessly!
There is an open door here.
There is an open door here.
You close the door.
You start resting.
You feel Trog's fiery rage upon you!
There is a sudden and violent explosion of flames!
The fireball engulfs you!
Ouch! That really hurt!
You die...

######### #.# #.......# #####
#.# #.......# #...# #.#
#.......# #...# #.# #.......#
#.†.# #.#
##.......#####...###.####
#>.......+S..'...+.......
#.......#####...##......
#......@.# #...##...###
#........## #...##...#..
#####.....# ######...#.#
#.....## #......
###########......# #.....#
#........##......#######.....#
#.............................
#....................##..#....
#.....[..............##.......


There were no monsters in sight!

Vanquished Creatures
  3 adders
  An ooze (D:1)
  2 worms (D:2)
  An orc (D:3)
  4 bats
  4 goblins
  7 hobgoblins
  A ball python (D:2)
  A giant cockroach (D:1)
  5 kobolds
  5 rats
34 creatures vanquished.

Notes
Turn   | Place    | Note
--------------------------------------------------------------
     0 | D:1      | namelastname112 the Spriggan Berserker began the quest for the Orb.
     0 | D:1      | Reached XP level 1. HP: 11/11 MP: 2/2
    24 | D:1      | Fell from the grace of Trog
    89 | D:1      | Reached skill level 1 in Stealth
   359 | D:1      | Reached XP level 2. HP: 13/16 MP: 3/3
   992 | D:2      | Reached XP level 3. HP: 14/19 MP: 4/4
  1066 | D:2      | Found an iron altar of Okawaru.
  1302 | D:2      | You fall through a shaft!
  1372 | D:3      | Reached skill level 5 in Dodging
  1393 | D:3      | Noticed a polar bear
  1393 | D:3      | Noticed a black bear
  1393 | D:3      | Noticed a black bear
  1393 | D:3      | Noticed a black bear
  1701 | D:2      | Reached XP level 4. HP: 10/23 MP: 5/5
  1977 | D:2      | Killed by the fiery rage of Trog

Action                   |  1- 3 |  4- 6 || total
-------------------------+-------+-------++-------
Melee: Short sword       |   158 |     2 ||   160
Invok: Renounce Religion |     1 |       ||     1
 Stab: Sleeping          |     3 |       ||     3
